AA SOUTH
TENNESSEE SMOKIES @ CHATTANOOGA LOOKOUTS
05/19/2042
 
TOP OF THE 1ST
Tennessee Smokies batting - Pitching for Chattanooga Lookouts : LHP Ron Mason
Pitching: LHP Ron Mason
Batting: LHB Deron Hatfield 0-0: Ball
1-0: Called Strike
1-1: Called Strike
1-2: DOUBLE (Flyball, 8LXD, EV 109.4 MPH)
Batting: RHB Simone Cigala 0-0: Swinging Strike
0-1: Swinging Strike
0-2: Ball
1-2: Foul Ball, location: 3F
1-2: Ball
2-2: Foul Ball, location: 2F
2-2: Strikes out swinging
Batting: RHB Lou Marshall 0-0: Foul Ball, location: 9LMF
0-1: Foul Ball, location: 9LMF
0-2: Ball
1-2: Ball
2-2: Ball
3-2: Base on Balls
Batting: RHB Dewitt Bass 0-0: Fly out, F4 (Popup, 34, EV 57.5 MPH)
Batting: LHB Norberto Liñares 0-0: Ball
1-0: Called Strike
1-1: Ground out 4-3 (Groundball, 4, EV 102.5 MPH)
Top of the 1st over - 0 runs, 1 hit, 0 errors, 2 left on base; Tennessee 0 - Chattanooga 0
BOTTOM OF THE 1ST
Chattanooga Lookouts batting - Pitching for Tennessee Smokies : RHP Juan Colón
Pitching: RHP Juan Colón
Batting: LHB Luis Moreno 0-0: Called Strike
0-1: Ball
1-1: Foul Ball, location: 25F
1-2: Foul Ball, location: 2F
1-2: Ball
2-2: Foul Ball, location: 2RF
2-2: Foul Ball, location: 2RF
2-2: Strikes out swinging
Batting: LHB Wally Jeffreys 0-0: Swinging Strike
0-1: Bunt missed!
0-2: Ball
1-2: Ball
2-2: Ground out 4-3 (Groundball, 34D, EV 97.5 MPH)
Batting: LHB Jeff Chase 0-0: Called Strike
0-1: Called Strike
0-2: Ground out 6-3 (Groundball, 4M, EV 82.5 MPH)
Bottom of the 1st over - 0 runs, 0 hits, 0 errors, 0 left on base; Tennessee 0 - Chattanooga 0
TOP OF THE 2ND
Tennessee Smokies batting - Pitching for Chattanooga Lookouts : LHP Ron Mason
Batting: RHB Pepe Vega 0-0: Ball
1-0: Ball
2-0: Ball
3-0: Called Strike
3-1: Foul Ball, location: 3SF
3-2: Fly out, F9 (Line Drive, 9S, EV 100.0 MPH)
Batting: RHB Dave Scott 0-0: Ball
1-0: Swinging Strike
1-1: Ball
2-1: Foul Ball, location: 2F
2-2: Strikes out swinging
Batting: RHB Clint Rice 0-0: Fly out, F5 (Line Drive, 5L, EV 70.0 MPH)
Top of the 2nd over - 0 runs, 0 hits, 0 errors, 0 left on base; Tennessee 0 - Chattanooga 0
BOTTOM OF THE 2ND
Chattanooga Lookouts batting - Pitching for Tennessee Smokies : RHP Juan Colón
Batting: RHB Ric Thompson 0-0: Called Strike
0-1: Ground out 5-3 (Groundball, 5L, EV 98.8 MPH)
Batting: RHB Jon Castaneda 0-0: Called Strike
0-1: Ground out 6-3 (Groundball, 6, EV 78.1 MPH)
Batting: LHB Raúl Morales 0-0: Ball
1-0: Ball
2-0: Ball
3-0: Called Strike
3-1: Base on Balls
Batting: LHB Sal Anderson 0-0: Ball
1-0: Called Strike
Raúl Morales is caught stealing 2nd base 2-6
Bottom of the 2nd over - 0 runs, 0 hits, 0 errors, 0 left on base; Tennessee 0 - Chattanooga 0
TOP OF THE 3RD
Tennessee Smokies batting - Pitching for Chattanooga Lookouts : LHP Ron Mason
Batting: RHB Jorge Colón 0-0: Foul Ball, location: 5SF
0-1: Ground out 6-3 (Groundball, 6, EV 80.0 MPH)
Batting: LHB Deron Hatfield 0-0: Ball
1-0: Ball
2-0: Foul Ball, location: 2F
2-1: Ball
3-1: Base on Balls
Batting: RHB Simone Cigala 0-0: Ball
Wild Pitch!
Deron Hatfield to second
1-0: Called Strike
1-1: Foul Ball, location: 2LF
1-2: Ground out 5-3 (Groundball, 56S, EV 83.8 MPH)
Deron Hatfield to third
Batting: RHB Lou Marshall 0-0: Called Strike
0-1: Ball
1-1: Ground out 4-3 (Groundball, 4, EV 89.4 MPH)
Top of the 3rd over - 0 runs, 0 hits, 0 errors, 1 left on base; Tennessee 0 - Chattanooga 0
BOTTOM OF THE 3RD
Chattanooga Lookouts batting - Pitching for Tennessee Smokies : RHP Juan Colón
Batting: LHB Sal Anderson 0-0: Called Strike
0-1: Ball
1-1: Foul Ball, location: 2F
1-2: Strikes out swinging
Batting: SHB Dan Gray 0-0: Hit by Pitch
Batting: RHB Cristián Vázquez 0-0: Called Strike
0-1: Ball
Dan Gray is caught stealing 2nd base 2-4
1-1: Ground out 4-3 (Groundball, 4S, EV 84.4 MPH)
Bottom of the 3rd over - 0 runs, 0 hits, 0 errors, 0 left on base; Tennessee 0 - Chattanooga 0
TOP OF THE 4TH
Tennessee Smokies batting - Pitching for Chattanooga Lookouts : LHP Ron Mason
Batting: RHB Dewitt Bass 0-0: Called Strike
0-1: Ball
1-1: Foul Ball, location: 3FF
1-2: Ball
2-2: Ball
3-2: Base on Balls
Batting: LHB Norberto Liñares 0-0: Sac Bunt to 15S - play at first, batter OUT! 1-3
Dewitt Bass to second
Batting: RHB Pepe Vega 0-0: Foul Ball, location: 2F
0-1: Swinging Strike
0-2: Ball
1-2: Strikes out looking
Batting: RHB Dave Scott 0-0: Ball
1-0: DOUBLE (Line Drive, 78D, EV 99.4 MPH)
Dewitt Bass scores
Batting: RHB Clint Rice 0-0: SINGLE (Groundball, 4, EV 105.0 MPH) (infield hit)
Dave Scott to third
Batting: RHB Jorge Colón 0-0: Ball
1-0: Swinging Strike
1-1: Ball
2-1: Called Strike
2-2: Ball
3-2: Ground out 5-3 (Groundball, 25, EV 83.8 MPH)
Top of the 4th over - 1 run, 2 hits, 0 errors, 2 left on base; Tennessee 1 - Chattanooga 0
BOTTOM OF THE 4TH
Chattanooga Lookouts batting - Pitching for Tennessee Smokies : RHP Juan Colón
Batting: LHB Luis Moreno 0-0: Called Strike
0-1: Called Strike
0-2: Strikes out looking
Batting: LHB Wally Jeffreys 0-0: Ball
1-0: Ball
2-0: Ball
3-0: Base on Balls
Batting: LHB Jeff Chase 0-0: Called Strike
0-1: Fly out, F8 (Flyball, 8RD, EV 91.3 MPH)
Batting: RHB Ric Thompson 0-0: Called Strike
0-1: Ball
1-1: Ground out 1-3 (Groundball, 13S, EV 66.9 MPH)
Bottom of the 4th over - 0 runs, 0 hits, 0 errors, 1 left on base; Tennessee 1 - Chattanooga 0
TOP OF THE 5TH
Tennessee Smokies batting - Pitching for Chattanooga Lookouts : LHP Ron Mason
Batting: LHB Deron Hatfield 0-0: Ball
1-0: Ball
2-0: Ball
3-0: Called Strike
3-1: Foul Ball, location: 3FF
3-2: SINGLE (Groundball, P, EV 91.9 MPH) (infield hit)
Batting: RHB Simone Cigala 0-0: Called Strike
0-1: Swinging Strike
0-2: Foul Ball, location: 2F
0-2: Foul Ball, location: 5DF
0-2: Ball
1-2: Foul Ball, location: 5F
1-2: Strikes out swinging
Batting: RHB Lou Marshall 0-0: Swinging Strike
0-1: Ball
1-1: Foul Ball, location: 5FF
1-2: Foul Ball, location: 9LSF
1-2: Foul Ball, location: 2F
1-2: Strikes out swinging
Batting: RHB Dewitt Bass 0-0: Ball
1-0: Ball
2-0: 2-RUN HOME RUN (Flyball, 7D, EV 104.4 MPH), Distance : 386 ft
Batting: LHB Norberto Liñares 0-0: Bunt missed!
0-1: SOLO HOME RUN (Flyball, 9D, EV 95.6 MPH), Distance : 364 ft
Batting: RHB Pepe Vega 0-0: Ball
1-0: SOLO HOME RUN (Flyball, 7D, EV 97.5 MPH), Distance : 386 ft
Pitching: LHP José Rivera
Batting: RHB Dave Scott 0-0: Ground out U3 (Groundball, 34, EV 101.3 MPH)
Top of the 5th over - 4 runs, 4 hits, 0 errors, 0 left on base; Tennessee 5 - Chattanooga 0
BOTTOM OF THE 5TH
Chattanooga Lookouts batting - Pitching for Tennessee Smokies : RHP Juan Colón
Batting: RHB Jon Castaneda 0-0: Ground out 5-3 (Groundball, 56S, EV 81.9 MPH)
Batting: LHB Raúl Morales 0-0: Swinging Strike
0-1: Fly out, F6 (Popup, 4MD, EV 65.6 MPH)
Batting: LHB Sal Anderson 0-0: Called Strike
0-1: Swinging Strike
0-2: Foul Ball, location: 7LDF
0-2: Ball
1-2: Ball
2-2: Foul Ball, location: 2F
2-2: Ball
3-2: Ground out 6-3 (Groundball, 6, EV 83.8 MPH)
Bottom of the 5th over - 0 runs, 0 hits, 0 errors, 0 left on base; Tennessee 5 - Chattanooga 0
TOP OF THE 6TH
Tennessee Smokies batting - Pitching for Chattanooga Lookouts : LHP José Rivera
Batting: RHB Clint Rice 0-0: Called Strike
0-1: Ground out 6-3 (Groundball, 6MD, EV 81.3 MPH)
Batting: RHB Jorge Colón 0-0: Ball
1-0: Called Strike
1-1: SINGLE (Groundball, 56, EV 108.8 MPH) (infield hit)
Batting: LHB Deron Hatfield 0-0: Called Strike
0-1: Swinging Strike
0-2: Ball
1-2: Ball
2-2: Strikes out swinging
Batting: RHB Simone Cigala 0-0: Called Strike
0-1: Ball
1-1: Swinging Strike
1-2: Ball
2-2: Strikes out looking
Top of the 6th over - 0 runs, 1 hit, 0 errors, 1 left on base; Tennessee 5 - Chattanooga 0
BOTTOM OF THE 6TH
Chattanooga Lookouts batting - Pitching for Tennessee Smokies : RHP Juan Colón
Batting: SHB Dan Gray 0-0: Ball
1-0: Called Strike
1-1: Ball
2-1: Ball
3-1: Base on Balls
Batting: RHB Cristián Vázquez 0-0: Ball
Dan Gray steals 2nd base
1-0: Foul Ball, location: 2F
1-1: Foul Ball, location: 9LMF
1-2: Strikes out swinging
Batting: LHB Luis Moreno 0-0: Ball
1-0: Fly out, F9 (Line Drive, 9, EV 94.4 MPH)
Batting: LHB Wally Jeffreys 0-0: Ball
1-0: Ball
2-0: Ball
3-0: Base on Balls
Batting: LHB Jeff Chase 0-0: Called Strike
0-1: 3-RUN HOME RUN (Flyball, 9D, EV 97.5 MPH), Distance : 372 ft
Batting: RHB Ric Thompson 0-0: Foul Ball, location: 9LSF
0-1: Ball
1-1: Ball
2-1: Foul Ball, location: 25FF
2-2: Ball
3-2: Base on Balls
Batting: RHB Jon Castaneda 0-0: Ball
1-0: Foul Ball, location: 2F
1-1: Foul Ball, location: 3FF
1-2: Foul Ball, location: 2F
1-2: Reached on error, E6 (Groundball, 56, EV 110.6 MPH)
Ric Thompson to second
Batting: LHB Raúl Morales 0-0: SINGLE (Line Drive, 34D, EV 98.1 MPH)
Ric Thompson to third
Jon Castaneda to second
Batting: LHB Sal Anderson 0-0: Ball
1-0: Ball
2-0: Ball
3-0: Called Strike
3-1: Hit by Pitch
Ric Thompson scores
Jon Castaneda to third
Raúl Morales to second
Pitching: RHP Oliver Pérez
Batting: SHB Dan Gray 0-0: Ball
1-0: Ground out 6-3 (Groundball, 6M, EV 101.9 MPH)
Bottom of the 6th over - 4 runs, 2 hits, 1 error, 3 left on base; Tennessee 5 - Chattanooga 4
TOP OF THE 7TH
Tennessee Smokies batting - Pitching for Chattanooga Lookouts : LHP José Rivera
Batting: RHB Lou Marshall 0-0: DOUBLE (Line Drive, 78D, EV 103.8 MPH)
Batting: RHB Dewitt Bass 0-0: Intentional Walk
Batting: LHB Norberto Liñares 0-0: Ball
1-0: Called Strike
1-1: Swinging Strike
1-2: SINGLE (Groundball, 4MS, EV 61.9 MPH) (infield hit)
Lou Marshall to third
Dewitt Bass to second
Batting: RHB Pepe Vega 0-0: Swinging Strike
0-1: Ball
1-1: Grounds into fielders choice 3-2 (Groundball, 3S, EV 86.9 MPH)
Dewitt Bass to third
Norberto Liñares to second
Batting: RHB Dave Scott 0-0: SINGLE (Groundball, 4MD, EV 95.6 MPH)
Dewitt Bass scores
Norberto Liñares to third
Pepe Vega to second
Runner from 3rd tries for Home, SAFE, throw by CF to home
Batting: RHB Clint Rice 0-0: Ball
1-0: Foul Ball, location: 2F
1-1: Foul Ball, location: 2F
1-2: Strikes out looking
Batting: RHB Jorge Colón 0-0: Ball
1-0: Ball
2-0: Ball
3-0: Base on Balls
Pepe Vega to third
Dave Scott to second
Batting: LHB Deron Hatfield 0-0: Ball
1-0: Called Strike
1-1: Foul Ball, location: 2RF
1-2: Ball
2-2: Ball
3-2: Base on Balls
Pepe Vega scores
Dave Scott to third
Jorge Colón to second
Batting: RHB Simone Cigala 0-0: Hit by Pitch
Dave Scott scores
Jorge Colón to third
Deron Hatfield to second
Pitching: RHP Don O'Quinn
Batting: RHB Lou Marshall 0-0: Ball
1-0: Ball
2-0: Ball
3-0: Base on Balls
Jorge Colón scores
Deron Hatfield to third
Simone Cigala to second
Batting: RHB Dewitt Bass 0-0: Ball
1-0: Ball
2-0: Ball
3-0: Base on Balls
Deron Hatfield scores
Simone Cigala to third
Lou Marshall to second
Batting: LHB Norberto Liñares 0-0: Called Strike
0-1: Fly out, F8 (Flyball, 8RXD, EV 94.4 MPH)
Top of the 7th over - 6 runs, 3 hits, 0 errors, 3 left on base; Tennessee 11 - Chattanooga 4
BOTTOM OF THE 7TH
Chattanooga Lookouts batting - Pitching for Tennessee Smokies : RHP Oliver Pérez
Batting: RHB Cristián Vázquez 0-0: Foul Ball, location: 7LMF
0-1: Swinging Strike
0-2: Ball
1-2: Ball
2-2: Strikes out swinging
Pinch Hitting: RHB Mike Craft 0-0: Called Strike
0-1: Called Strike
0-2: Strikes out swinging
Pinch Hitting: LHB Dan Roberts 0-0: Ball
1-0: Foul Ball, location: 2F
1-1: Foul Ball, location: 23FF
1-2: Foul Ball, location: 25F
1-2: Strikes out swinging
Bottom of the 7th over - 0 runs, 0 hits, 0 errors, 0 left on base; Tennessee 11 - Chattanooga 4
TOP OF THE 8TH
Tennessee Smokies batting - Pitching for Chattanooga Lookouts : RHP Don O'Quinn
Now at 1B: Mike Craft
Now at 3B: Jon Castaneda
Now in CF: Dan Roberts
Now in RF: Sal Anderson
Batting: RHB Pepe Vega 0-0: Ball
1-0: Ball
2-0: Fly out, F7 (Flyball, 7S, EV 92.5 MPH)
Batting: RHB Dave Scott 0-0: Called Strike
0-1: Ball
1-1: SINGLE (Groundball, 56D, EV 103.1 MPH)
Batting: RHB Clint Rice 0-0: Ball
1-0: Called Strike
Dave Scott steals 2nd base (no throw)
1-1: Swinging Strike
1-2: Fly out, F6 (Line Drive, 6, EV 64.4 MPH)
Lined into DP, 6-4 (Line Drive, 6, EV 64.4 MPH)
Top of the 8th over - 0 runs, 1 hit, 0 errors, 0 left on base; Tennessee 11 - Chattanooga 4
BOTTOM OF THE 8TH
Chattanooga Lookouts batting - Pitching for Tennessee Smokies : RHP Oliver Pérez
Pinch Hitting: RHB Brendan Rogers 0-0: Ball
1-0: Called Strike
1-1: Foul Ball, location: 2F
1-2: Ball
2-2: Strikes out looking
Batting: RHB Ric Thompson 0-0: Ball
1-0: Called Strike
1-1: Ball
2-1: Ball
3-1: Foul Ball, location: 2F
3-2: Fly out, F8 (Flyball, 8RM, EV 93.1 MPH)
Batting: RHB Jon Castaneda 0-0: Called Strike
0-1: Ball
1-1: Ball
2-1: Fly out, F9 (Line Drive, 89M, EV 88.8 MPH)
Bottom of the 8th over - 0 runs, 0 hits, 0 errors, 0 left on base; Tennessee 11 - Chattanooga 4
TOP OF THE 9TH
Tennessee Smokies batting - Pitching for Chattanooga Lookouts : RHP Don O'Quinn
Now at 2B: Brendan Rogers
Pinch Hitting: LHB Johnathan Alexander 0-0: Ground out 4-3 (Groundball, 4, EV 106.3 MPH)
Batting: LHB Deron Hatfield 0-0: Ball
1-0: Swinging Strike
1-1: Ball
2-1: Called Strike
2-2: Ball
3-2: Base on Balls
Pinch Hitting: RHB Bruno Bailey 0-0: Called Strike
Deron Hatfield steals 2nd base (no throw)
0-1: Swinging Strike
0-2: Strikes out swinging
Batting: RHB Lou Marshall 0-0: SINGLE (Groundball, 5D, EV 100.6 MPH)
Deron Hatfield to third
Runner from 3rd tries for Home, SAFE, throw by LF to home
Batting: RHB Dewitt Bass 0-0: Ball
1-0: Ball
2-0: Ball
3-0: Called Strike
3-1: Fielders Choice at 2nd, 6-4 (Groundball, 6, EV 100.0 MPH)
Top of the 9th over - 1 run, 1 hit, 0 errors, 1 left on base; Tennessee 12 - Chattanooga 4
BOTTOM OF THE 9TH
Chattanooga Lookouts batting - Pitching for Tennessee Smokies : RHP Oliver Pérez
Now at C: Bruno Bailey
Now in RF: Jorge García
Batting: LHB Raúl Morales 0-0: Called Strike
0-1: Ball
1-1: Swinging Strike
1-2: Ball
2-2: Ball
3-2: Foul Ball, location: 23F
3-2: Strikes out swinging
Batting: LHB Sal Anderson 0-0: Ball
1-0: Ball
2-0: SINGLE (Line Drive, 9S, EV 100.0 MPH)
Batting: SHB Dan Gray 0-0: Hit by Pitch
Sal Anderson to second
Batting: RHB Cristián Vázquez 0-0: Ball
1-0: Foul Ball, location: 2F
1-1: Ball
2-1: Reached on error, E6 (Groundball, 6, EV 90.6 MPH)
Sal Anderson to third
Dan Gray to second
Batting: RHB Mike Craft 0-0: Ball
1-0: SINGLE (Groundball, 5D, EV 103.1 MPH)
Sal Anderson scores
Dan Gray to third
Cristián Vázquez to second
Batting: LHB Dan Roberts 0-0: Ball
1-0: DOUBLE (Line Drive, 78D, EV 106.9 MPH)
Dan Gray scores
Cristián Vázquez scores
Mike Craft to third
Batting: RHB Brendan Rogers 0-0: Foul Ball, location: 9LMF
0-1: Swinging Strike
0-2: Strikes out looking
Batting: RHB Ric Thompson 0-0: Ball
1-0: Ball
2-0: Called Strike
2-1: Fly out, F9 (Flyball, 89S, EV 90.6 MPH)
Bottom of the 9th over - 3 runs, 3 hits, 1 error, 2 left on base; Tennessee 12 - Chattanooga 7
Friday, May 3rd , 2024 - OOTP Baseball 24.10 Build 82